 Dungeon Crawl Stone Soup version 0.19.1-1-g22dce08 (webtiles) character file.

354 Jynx the Gusty (level 6, 0/33 HPs)
             Began as a Tengu Air Elementalist on Jan 19, 2017.
             Succumbed to a worker ant's poison
             ... on level 4 of the Dungeon.
             The game lasted 00:16:48 (4492 turns).

Jynx the Gusty (Tengu Air Elementalist)             Turns: 4492, Time: 00:16:48

Health: 0/33       AC:  2    Str:  5 (8)  XL:     6   Next: 62%
Magic:  15/20      EV: 23    Int: 16 (17) God:
Gold:   247        SH:  0    Dex: 19 (20) Spells: 4 memorised, 3 levels left

rFire  + . .     SeeInvis .     f - +0 dagger
rCold  x . .     Gourm    .     a - +0 robe
rNeg   . . .     Faith    .     (no shield)
rPois  .         Spirit   .     (helmet restricted)
rElec  .         Reflect  .     (no cloak)
rCorr  .         Harm     .     (no gloves)
MR     .....                    (boots unavailable)
Stlth  ++++......               (no amulet)
                                o - ring of magical power
                                d - ring of fire

@: agile, lethally poisoned (0 -> -11), exhausted, flying quickly and evasively,
very slightly contaminated, slowed, repel missiles, very slow
A: beak, talons 3, able to fly 1
a: no special abilities


You were on level 4 of the Dungeon.
You were not hungry.

You visited 1 branch of the dungeon, and saw 4 of its levels.

You collected 247 gold pieces.

Inventory:

Hand Weapons
 f - a +0 dagger (weapon)
Armour
 a - a +0 robe (worn)
Jewellery
 d - a ring of fire (left hand)
 o - a ring of magical power (right hand)
 r - an uncursed ring of fire
Scrolls
 i - a scroll of remove curse
 k - 2 scrolls of teleportation
 l - a scroll of noise
 n - 2 scrolls of identify
 s - a scroll of recharging {unknown}
 u - a scroll of enchant armour {unknown}
Potions
 e - a potion of invisibility
 h - a potion of flight
 p - a potion of lignification {unknown}
 q - a potion of agility
 t - a potion of brilliance {unknown}
 w - a potion of heal wounds {unknown}
Books
 b - a book of Air

   Spells                             Type                      Level
   a - Shock                          Conjuration/Air              1
   b - Swiftness                      Charms/Air                   2
   c - Repel Missiles                 Charms/Air                   2
   d - Static Discharge               Conjuration/Air              3
   e - Lightning Bolt                 Conjuration/Air              5
Comestibles
 c - 2 bread rations
 g - a slice of pizza


   Skills:
 - Level 0.6 Fighting
 + Level 3.7 Dodging
 + Level 3.1 Stealth
 - Level 0.4 Unarmed Combat
 + Level 3.0 Spellcasting
 + Level 3.7 Conjurations
 + Level 6.1 Air Magic


You had 3 spell levels left.
You knew the following spells:

 Your Spells              Type           Power        Failure   Level  Hunger
a - Shock                 Conj/Air       ###.         2%          1    #......
b - Repel Missiles        Chrm/Air       ##....       10%         2    ##.....
c - Swiftness             Chrm/Air       ##......     10%         2    ##.....
d - Static Discharge      Conj/Air       ###.....     10%         3    ###....


Dungeon Overview and Level Annotations

Branches:
Dungeon (4/15)
 Temple: D:4-7

Altars:
Ashenzari
Qazlal
Ru
Uskayaw
Xom


Innate Abilities, Weirdness & Mutations

You have a beak for a mouth.
You have claws for feet.
You can fly.


Message History

You feel sick.
The worker ant completely misses you. x2
You closely miss the worker ant. You claw the worker ant!
You kill the worker ant!
* * * LOW HITPOINT WARNING * * *
You feel sick.
You are too berserk!
* * * LOW HITPOINT WARNING * * *
You feel sick.
You feel a strong urge to attack something.
* * * LOW HITPOINT WARNING * * *
You feel sick.
You feel your anger subside.
You are no longer berserk.
You are exhausted.
You feel yourself slow down.
* * * LOW HITPOINT WARNING * * *
You feel sick.
It was a potion of degeneration.
There was something very wrong with that liquid.
You feel weakened.
You feel dopey.
You feel clumsy.
You die...

.# ..# #.# #.# #.# #.#
#.# #.# #.# #.# #.#
#.# #.# #@# #.# ####.#
#.# #....# #.#
##...######.####
#######..............#
#.......##.#########.#
#.########.# #.# #.#
#.# #.# #.# #.# #.#


There were no monsters in sight!

Vanquished Creatures
  An ogre (D:4)
  A scorpion (D:4)
  An iguana (D:4)
  2 worker ants
  5 adders
  4 worms
  3 dart slugs
  2 leopard geckos
  3 orcs
  5 bats
  5 giant cockroaches
  7 goblins
  6 hobgoblins
  11 jackals
  2 quokkas (D:4)
  A ball python (D:3)
  7 frilled lizards
  8 kobolds
  A quokka skeleton (D:4)
  10 rats
85 creatures vanquished.

Notes
Turn   | Place    | Note
-------+----------+-------------------------------------------
     0 | D:1      | Jynx the Tengu Air Elementalist began the quest for the Orb.
     0 | D:1      | Reached XP level 1. HP: 10/10 MP: 4/4
   194 | D:1      | Reached XP level 2. HP: 5/15 MP: 4/6
   831 | D:1      | Reached skill level 5 in Air Magic
   831 | D:1      | Reached XP level 3. HP: 15/20 MP: 0/7
  1113 | D:1      | Learned a level 2 spell: Repel Missiles
  1116 | D:1      | Learned a level 2 spell: Swiftness
  1697 | D:2      | Reached XP level 4. HP: 24/24 MP: 0/8
  2725 | D:2      | Found a shimmering altar of Xom.
  2847 | D:2      | Gained mutation: You can fly. [Tengu growth]
  2847 | D:2      | Reached XP level 5. HP: 23/28 MP: 6/9
  2937 | D:3      | Found a hide-covered altar of Uskayaw.
  2937 | D:3      | Noticed a hand axe
  2937 | D:3      | Noticed a dagger
  3023 | D:3      | Found a stormy altar of Qazlal.
  3759 | D:3      | Learned a level 3 spell: Static Discharge
  4083 | D:4      | Found a shattered altar of Ashenzari.
  4090 | D:4      | Found a sacrificial altar of Ru.
  4121 | D:4      | Noticed an ogre
  4127 | D:4      | Killed an ogre
  4127 | D:4      | Reached skill level 6 in Air Magic
  4127 | D:4      | Reached XP level 6. HP: 33/33 MP: 11/11
  4256 | D:4      | Noticed a two-headed ogre
  4491 | D:4      | HP: 1/33 [poisoned by a worker ant]
  4492 | D:4      | Succumbed to a worker ant's poison

Skill      XL: |  1  2  3  4  5 |
---------------+----------------+-----
Air Magic      | 5 6 |  6.1
Conjurations   | 2 3 |  3.7
Dodging        | 3 |  3.7
Stealth        | 3 |  3.1
Spellcasting   | 3 |  3.0
Fighting       | |  0.6
Unarmed Combat | |  0.4

Action                   |  1- 3 |  4- 6 || total
-------------------------+-------+-------++-------
Melee: Unarmed           |    39 |       ||    39
       Peck              |    10 |     6 ||    16
       Kick              |     6 |    13 ||    19
       Dagger            |     1 |    64 ||    65
 Cast: Shock             |    50 |   128 ||   178
       Repel Missiles    |     1 |       ||     1
  Use: Scroll            |     3 |     4 ||     7
       Potion            |       |     4 ||     4
 Stab: Sleeping          |     2 |     3 ||     5
  Eat: Chunk             |     2 |    11 ||    13
Armor: Robe              |    12 |    16 ||    28
Dodge: Dodged            |    52 |    66 ||   118
